 Dungeon Crawl Stone Soup version 0.18.1-5-g4a78601 (webtiles) character file.

90 IcyTea the Cudgeler (level 4, -1/28 HPs)
             Began as a Tengu Chaos Knight on May 14, 2016.
             Slain by a gnoll
             ... wielding a +0 club
              (7 damage)
             ... on level 2 of the Dungeon.
             The game lasted 00:05:53 (1513 turns).

IcyTea the Cudgeler (Tengu Chaos Knight)            Turns: 1513, Time: 00:05:54

Health: -1/28      AC:  5    Str: 13    XL:     4   Next: 56%
Magic:  5/5        EV: 11    Int: 13    God:    Xom [..*...]
Gold:   55         SH:  0    Dex: 13    Spells: 0 memorised, 3 levels left

rFire  . . .     SeeInvis .     a - +1 mace (chaos)
rCold  . . .     Gourm    .     b - +2 leather armour
rNeg   . . .     Faith    .     (no shield)
rPois  .         Spirit   .     (helmet restricted)
rElec  .         Dismiss  .     (no cloak)
rCorr  .         Reflect  .     (no gloves)
SustAt .         Harm     .     (boots unavailable)
MR     .....                    (no amulet)
Stlth  +.........               (no ring)
                                (no ring)

@: not resistant to hostile enchantments, very unstealthy
A: beak, talons 3
a: Renounce Religion


You were on level 2 of the Dungeon.
You worshipped Xom.
You were a toy of Xom.
You were near starving.

You visited 1 branch of the dungeon, and saw 2 of its levels.

You collected 55 gold pieces.

Inventory:

Hand Weapons
 a - a +1 mace of chaos (weapon)
Missiles
 k - 8 javelins (quivered)
Armour
 b - a +2 leather armour (worn)
Scrolls
 e - 4 scrolls of identify
Potions
 d - a potion of lignification
Comestibles
 c - 2 bread rations


   Skills:
 - Level 3.0 Fighting
 + Level 5.7 Maces & Flails
 - Level 2.1 Armour
 - Level 1.1 Dodging


You had 3 spell levels left.
You didn't know any spells.

Dungeon Overview and Level Annotations

Branches:
Dungeon (2/15)

Altars:


Innate Abilities, Weirdness & Mutations

You have a beak for a mouth.
You have claws for feet.


Message History

Your peck misses something. Something hits you but does no damage.
You closely miss something. Your kick misses something. Something hits you.
You barely miss something. Something hits you.
You barely miss something. Your kick misses something. You peck something.
Something hits you.
You hit something.
Nothing appears to happen.
Something hits you.
* * * LOW HITPOINT WARNING * * *
You hit something. You claw something. Something hits you.
* * * LOW HITPOINT WARNING * * *
You see here a hand axe.
A gnoll appears from thin air!
Reactivating autopickup.
You closely miss the gnoll. You claw the gnoll, but do no damage.
The gnoll is moderately wounded.
The gnoll closely misses you.
You barely miss the gnoll. You claw the gnoll.
The gnoll is heavily wounded.
The gnoll hits you with a club!
You die...
Xom yawns loudly!

<...†........#.#####..###.......#
..(...†.........#.#...#.).......#
.............#......#.#.#........
.............#.#........##.......
.............#..........##.#.....
.............##.........##.#.##..
.....#.....#.##.....>##.##.#.#...
#######..###.)...................
##.####...@g...............
#..##..##.................
##..#.###................. ##.#.#
#............>...# ##....#
#................. #...###
#.....#........#..
#.#.######...#............
##.#....).#.........#..)..#
#..######.................#


You could see a gnoll.

Vanquished Creatures
  An adder (D:2)
  2 gnolls (D:2)
  3 worms (D:2)
  2 dart slugs (D:1)
  3 giant geckos (D:2)
  4 bats
  A giant cockroach (D:2)
  3 goblins
  6 hobgoblins
  4 jackals (D:1)
  3 giant newts (D:1)
  5 kobolds (D:1)
  5 rats
42 creatures vanquished.

Vanquished Creatures (collateral kills)
  A giant gecko (D:2)
  A giant cockroach (D:2)
  A kobold (D:2)
3 creatures vanquished.

Grand Total: 45 creatures vanquished

Notes
Turn   | Place    | Note
--------------------------------------------------------------
     0 | D:1      | IcyTea the Tengu Chaos Knight began the quest for the Orb.
     0 | D:1      | Reached XP level 1. HP: 14/14 MP: 2/2
   108 | D:1      | XOM: silly message
   123 | D:1      | Reached XP level 2. HP: 19/19 MP: 3/3
   170 | D:1      | Reached skill level 4 in Maces & Flails
   341 | D:1      | XOM: divination: detect creatures
   666 | D:1      | XOM: harmless Trmt miscast
   682 | D:1      | XOM: divination: magic mapping
   795 | D:1      | Reached XP level 3. HP: 21/23 MP: 4/4
  1032 | D:2      | Reached skill level 5 in Maces & Flails
  1054 | D:2      | XOM: harmless Chrm miscast
  1195 | D:2      | Reached XP level 4. HP: 27/28 MP: 5/5
  1212 | D:2      | XOM: butterfly on damage
  1421 | D:2      | XOM: mild Ice miscast
  1513 | D:2      | Slain by a gnoll

Skill      XL: |  1  2  3 |
---------------+----------+-----
Maces & Flails | 4 5 |  5.7
Fighting       | |  3.0
Armour         | |  2.1
Dodging        | |  1.1

Action                   |  1- 3 |  4- 6 || total
-------------------------+-------+-------++-------
Melee: Mace              |    78 |    29 ||   107
       Kick              |    17 |     7 ||    24
       Peck              |    12 |     4 ||    16
  Use: Scroll            |     1 |     2 ||     3
       Potion            |       |     4 ||     4
 Stab: Sleeping          |     1 |       ||     1
  Eat: Chunk             |     1 |       ||     1
Armor: Leather armour    |    15 |     5 ||    20
Dodge: Dodged            |    38 |    18 ||    56
